 Dungeon Crawl Stone Soup version 0.31.0-11-ge490571c62 (webtiles) character file.

Game seed: 10364961266034771552

403 qw the Shooter (level 6, -1/30 HPs)
             Began as a Spriggan Hunter on Feb 5, 2024.
             Succumbed to a scorpion's poison
             ... on level 4 of the Dungeon.
             The game lasted 00:01:03 (2994 turns).

qw the Shooter (Spriggan Hunter)                    Turns: 2994, Time: 00:01:04

Health: -1/30      AC:  5    Str:  9    XL:     6   Next: 55%
Magic:  7/7        EV: 22    Int: 10    God:
Gold:   182        SH:  0    Dex: 21    Spells: 5/5 levels left

rFire   . . .        d - +3 sling "Zoetoom" {elec, rN+ rCorr Str+2}
rCold   . . .        (no shield)
rNeg    + . .        c - +0 robe
rPois   .            (helmet restricted)
rElec   .            b - +2 cloak
rCorr   +            (gloves unavailable)
SInv    +            (boots unavailable)
Will    +....        (no amulet)
Stlth   ++           (no ring)
HPRegen 0.25/turn    (no ring)
MPRegen 0.10/turn

%: no passive effects
@: lethally poisoned (-1 -> -7), very quick
A: very small, no large weapons, unfitting armour, see invisible, speed 3
a: no special abilities


You were on level 4 of the Dungeon.
You visited 1 branch of the dungeon, and saw 4 of its levels.

You collected 182 gold pieces.


Innate Abilities, Weirdness & Mutations

You are very small and have problems with some larger weapons.
You are too small for most types of armour.
You have supernaturally acute eyesight. (SInv)
You cover ground extremely quickly. (Speed+++)


   Skills:
 - Level 2.2 Fighting
 + Level 6.3 Ranged Weapons
 - Level 6.2 Dodging
 - Level 1.5 Stealth


You had 5 spell levels left.
You didn't know any spells.
Your spell library was empty.

Inventory:

Hand Weapons
 d - the +3 sling "Zoetoom" (weapon) {elec, rN+ rCorr Str+2}
   (You found it on level 2 of the Dungeon)

   Str+2:     It affects your strength (+2).
   rN+:       It protects you from negative energy.
   rCorr:     It protects you from acid and corrosion.
Armour
 b - a +2 cloak (worn)
 c - a +0 robe (worn)
Jewellery
 g - an amulet of regeneration
Potions
 a - a potion of ambrosia {unknown}
 e - a potion of magic {unknown}
 f - a potion of mutation {unknown}

Dungeon Overview and Level Annotations

Branches:
Dungeon (4/15)
 Temple: D:4-7

Altars:
Dithmenos
Hepliaklqana
Nemelex Xobeh


Message History

A scorpion comes into view.
You shoot a sling bullet.
The sling bullet barely misses the scorpion.
You shoot a sling bullet.
The sling bullet hits the scorpion but does no damage.
You shoot a sling bullet.
The sling bullet closely misses the scorpion.
The scorpion misses you.
You shoot a sling bullet.
The sling bullet hits the scorpion but does no damage.
The scorpion barely misses you.
You shoot a sling bullet.
The sling bullet barely misses the scorpion.
The scorpion barely misses you.
You shoot a sling bullet. The sling bullet hits the scorpion.
The scorpion is lightly wounded.
The scorpion misses you.
The scorpion stings you but does no damage.
You shoot a sling bullet.
The sling bullet closely misses the scorpion.
The scorpion stings you!
You are poisoned.
The scorpion poisons you!
You shoot a sling bullet. The sling bullet hits the scorpion.
Lightning courses through the scorpion!
The scorpion is almost dead.
You feel sick. The scorpion misses you.
You shoot a sling bullet.
The sling bullet closely misses the scorpion.
You feel sick. The scorpion stings you! x2
You are lethally poisoned!
The scorpion poisons you!
You shoot a sling bullet. The sling bullet hits the scorpion!
Lightning courses through the scorpion!!
You kill the scorpion!
You feel very sick.
There is a lethal amount of poison in your body!
You feel sick.
There is a lethal amount of poison in your body!
You die...

#.......# #.... #.####..#
###ยค. #.####%.# ##. #.#.....#
## #.......# #### #)......# ..
#... #.......###.... #.).
#.......%...... ###.
##.....@#### #. ##.....# #.
####..# #. ######## #..#
##########. #......# #..#
#..........
#.####.######..######.#########
#.###......#........#.# ##
###.#......#.#..........# #.
......#..#.#.#...#......# ##


There were no monsters in sight!

Vanquished Creatures
  An ogre (D:4)
  2 scorpions (D:4)
  A hound (D:4)
  A gnoll bouda (D:4)
  An iguana (D:3)
  3 adders
  2 dart slugs
  A ribbon worm (D:3)
  7 orcs
  2 bats
  6 endoplasms
  4 giant cockroaches
  6 goblins
  9 hobgoblins
  6 jackals
  8 kobolds
  3 quokkas
  6 ball pythons
  3 frilled lizards
  A rat (D:2)
73 creatures vanquished.

Notes
Turn   | Place    | Note
-------+----------+-------------------------------------------
     0 | D:1      | qw the Spriggan Hunter began the quest for the Orb.
     0 | D:1      | Reached XP level 1. HP: 10/10 MP: 2/2
     0 | D:1      | 0 ||| qw: Version: 0.3-a-160-g6735b56
     0 | D:1      | 0 ||| qw: Game counter: 6494
     0 | D:1      | 0 ||| qw: Melee chars always use a shield: true
     0 | D:1      | 0 ||| qw: God list: Okawaru
     0 | D:1      | 0 ||| qw: Allow faded altars: false
     0 | D:1      | 0 ||| qw: Do Orc after clearing Dungeon:15 true
     0 | D:1      | 0 ||| qw: Do second Lair branch before Depths: true
     0 | D:1      | 0 ||| qw: Lair rune preference: random
     0 | D:1      | 0 ||| qw: Goals: Normal
     0 | D:1      | 0 ||| PLANNING D:1-11
    20 | D:1      | Reached skill level 3 in Dodging
    99 | D:1      | Reached XP level 2. HP: 10/14 MP: 3/3
   715 | D:1      | 715 ||| READING scroll labelled JEMIHI DIAZADD.
   716 | D:1      | 716 ||| READING scroll labelled WELUEB ZAECEZ.
   717 | D:1      | 717 ||| READING scroll labelled HUISEDGHAYGE.
   718 | D:1      | 718 ||| DRINKING 2 viscous green potions.
   754 | D:1      | 754 ||| DRINKING 2 lumpy dark potions.
   755 | D:1      | 755 ||| DROPPING scroll of butterflies.
   756 | D:1      | 756 ||| DROPPING potion of lignification.
   957 | D:2      | Reached XP level 3. HP: 18/18 MP: 4/4
  1199 | D:2      | You fall into a shaft and drop 1 floor!
  1211 | D:3      | 1211 ||| UPGRADING to +0 cloak.
  1216 | D:3      | 1216 ||| READING scroll labelled RIQUGICEPN.
  1221 | D:3      | 1221 ||| READING scroll labelled TEWUHU ZIDUE.
  1221 | D:3      | 1221 ||| ENCHANTING +0 cloak.
  1222 | D:3      | 1222 ||| Stepping randomly (stuck).
  1223 | D:3      | 1223 ||| Stepping randomly (stuck).
  1224 | D:3      | 1224 ||| Stepping randomly (stuck).
  1225 | D:3      | 1225 ||| Stepping randomly (stuck).
  1226 | D:3      | 1226 ||| Stepping randomly (stuck).
  1227 | D:3      | 1227 ||| Stepping randomly (stuck).
  1228 | D:3      | 1228 ||| Stepping randomly (stuck).
  1229 | D:3      | 1229 ||| Stepping randomly (stuck).
  1230 | D:3      | 1230 ||| Stepping randomly (stuck).
  1338 | D:2      | Identified the +3 sling "Zoetoom" {elec, rN+ rCorr Str+2}
  1340 | D:2      | 1340 ||| SWAPPING to +3 sling "Zoetoom" {elec, rN+ rCorr
                  | Str+2}.
  1341 | D:2      | 1341 ||| DROPPING +0 shortbow.
  1661 | D:3      | Reached XP level 4. HP: 22/22 MP: 5/5
  2071 | D:3      | Found a sparkling altar of Nemelex Xobeh.
  2071 | D:3      | Found a hazy altar of Hepliaklqana.
  2346 | D:3      | 2346 ||| DROPPING scarf of shadows.
  2347 | D:3      | 2347 ||| READING scroll labelled CENTAB OPOXEMU.
  2439 | D:4      | 2439 ||| READING scroll of enchant armour.
  2439 | D:4      | 2439 ||| ENCHANTING +1 cloak.
  2538 | D:4      | Reached XP level 5. HP: 25/25 MP: 6/6
  2741 | D:4      | Noticed an ogre
  2742 | D:4      | 2742 ||| DRINKING potion of haste.
  2751 | D:4      | Killed an ogre
  2752 | D:4      | Reached skill level 6 in Ranged Weapons
  2752 | D:4      | Reached XP level 6. HP: 30/30 MP: 7/7
  2835 | D:4      | Reached skill level 6 in Dodging
  2877 | D:4      | Found a shadowy altar of Dithmenos.
  2991 | D:4      | HP: 5/30 [scorpion (7)]
  2992 | D:4      | HP: 2/30 [poisoned by a scorpion]
  2994 | D:4      | Succumbed to a scorpion's poison

Levels and vault maps discovered:
D:1:      dpeg_arrival_tiny_a, layout_loops_ring
D:2:      layout_basic
D:3:      layout_loops_corners, nicolae_overflow_two_pavilions
D:4:      layout_loops_cross, nicolae_dithmenos_the_darkroom, minmay_checkerbox

Skill      XL: |  1  2  3  4  5  6 |
---------------+-------------------+-----
Dodging        | 3 4 5 6 |  6.2
Ranged Weapons | 5 6 |  6.3
Fighting       | 2 |  2.2
Stealth        | |  1.5

Action                     |  1- 3 |  4- 6 || total
---------------------------+-------+-------++-------
   Fire: Shortbow          |    95 |       ||    95
         Sling             |    19 |    91 ||   110
    Use: Scroll            |     5 |     2 ||     7
         Potion            |     2 |     1 ||     3
 Armour: Robe              |    14 |    11 ||    25
  Dodge: Dodged            |    47 |    27 ||    74

Table legend:
 A = Non-vault XP
 B = Vault XP
 C = Vault XP percentage of total XP
 D = Non-vault monster count
 E = Vault monster count
 F = Vault count percentage of total count
                 A         B        C        D         E       F
            +---------+---------+-------+---------+---------+-------
      Total |     520 |      56 |   9.7 |      69 |       4 |   5.5
            +---------+---------+-------+---------+---------+-------
        D:1 |      34 |       0 |   0.0 |      20 |       0 |   0.0
        D:2 |      24 |       0 |   0.0 |      13 |       0 |   0.0
        D:3 |      95 |       0 |   0.0 |      21 |       0 |   0.0
        D:4 |     367 |      56 |  13.2 |      15 |       4 |  21.1
            +---------+---------+-------+---------+---------+-------
